 Dungeon Crawl Stone Soup version 0.28-a0-2-g643f2454ad (webtiles) character file.

Game seed: 14917725352635582503

68 Spaninq the Insei (level 3, 0/29 HPs)
             Began as a Demigod Transmuter on July 22, 2021.
             Succumbed to an adder's poison
             ... on level 2 of the Dungeon.
             The game lasted 00:05:28 (2779 turns).

Spaninq the Insei (Demigod Transmuter)              Turns: 2779, Time: 00:05:28

Health: 0/29       AC:  4    Str: 11    XL:     3   Next: 73%
Magic:  8/8        EV: 12    Int: 19    God:
Gold:   59         SH:  0    Dex: 14    Spells: 5/6 levels left

rFire   . . .      SeeInvis .     - Unarmed
rCold   . . .      Faith    .   (no shield)
rNeg    . . .      Spirit   .   a - +0 robe
rPois   .          Reflect  .   b - +0 helmet
rElec   .          Harm     .   (no cloak)
rCorr   .          Rampage  .   (no gloves)
Will    .....                   g - +0 pair of boots
Stlth   +.........              (no amulet)
HPRegen 0.09/turn               (no ring)
MPRegen 0.11/turn               (no ring)

@: lethally poisoned (0 -> 0)
A: high mp 1, forlorn
a: no special abilities


You were on level 2 of the Dungeon.
You visited 1 branch of the dungeon, and saw 2 of its levels.

You collected 59 gold pieces.

Inventory:

Missiles
 d - 7 curare-tipped darts
Armour
 a - a +0 robe (worn)
 b - a +0 helmet (worn)
 g - a +0 pair of boots (worn)
Jewellery
 e - a ring of ice
Scrolls
 h - a scroll of blinking {unknown}
 i - a scroll of noise {unknown}
 j - a scroll of magic mapping {unknown}
 k - a scroll of enchant armour {unknown}
 l - a scroll of teleportation {unknown}
Potions
 c - a potion of haste {unknown}
 f - a potion of flight


   Skills:
 + Level 1.7 Fighting
 - Level 1.8 Dodging
 * Level 3.4 Unarmed Combat
 + Level 2.2 Spellcasting
 + Level 2.3 Transmutations


You had 5 spell levels left.
You knew the following spells:

 Your Spells              Type           Power      Damage    Failure   Level
a - Beastly Appendage     Tmut           22%        N/A       6%          1

Your spell library contained the following spells:

 Spells                   Type           Power      Damage    Failure   Level
 Wereblood                Tmut           11%        N/A       10%         2
 Spider Form              Tmut/Pois      3%         N/A       30%         3
 Ice Form                 Ice/Tmut       6%         N/A       71%         4


Dungeon Overview and Level Annotations

Branches:
Dungeon (2/15)


Innate Abilities, Weirdness & Mutations

Your attributes grow dramatically as you level up.
You have an increased reservoir of magic. (+10% MP)
You shall have no god before yourself.


Message History

You barely miss the adder.
The adder is severely wounded.
The adder bites you.
You are poisoned.
The adder poisons you!
You closely miss the adder.
The adder is severely wounded.
You feel sick. The adder misses you.
It was a potion of curing.
You feel better. The adder bites you but does no damage. The adder bites you.
You are poisoned.
The adder poisons you!
You hit the adder.
The adder is almost dead.
You feel sick. The adder barely misses you.
You closely miss the adder.
The adder is almost dead.
You feel sick. The adder bites you but does no damage.
You miss the adder.
The adder is almost dead.
You feel sick. The adder bites you.
* * * LOW HITPOINT WARNING * * *
You are lethally poisoned!
The adder poisons you!
You hit the adder.
You kill the adder!
* * * LOW HITPOINT WARNING * * *
You feel sick.
* * * LOW HITPOINT WARNING * * *
You feel sick.
* * * LOW HITPOINT WARNING * * *
You feel sick.
Found a stone staircase leading down.
* * * LOW HITPOINT WARNING * * *
You feel sick.
* * * LOW HITPOINT WARNING * * *
You feel sick.
You see here a viscous golden potion.
c - a viscous golden potion You die...

##......... .>........#
#........# #........#
#........# .##........#
...........##
#....@....########
...................#####
.......[................
..####.###..##..........
. #. #......#....... #.
#.##.#[##...... #.
#....##.#.#.... #.
#.#...#..#.....
#.#......#.....


There were no monsters in sight!

Vanquished Creatures
  An adder (D:2)
  2 worms
  4 dart slugs (D:1)
  4 ball pythons
  2 bats
  4 endoplasms
  2 giant cockroaches
  2 goblins (D:1)
  3 hobgoblins
  3 jackals (D:1)
  4 kobolds (D:1)
  A quokka (D:1)
  3 frilled lizards (D:1)
  9 rats (D:1)
  A toadstool (D:1)
45 creatures vanquished.

Vanquished Creatures (others)
  3 toadstools (D:1)
3 creatures vanquished.

Grand Total: 48 creatures vanquished

Notes
Turn   | Place    | Note
-------+----------+-------------------------------------------
     0 | D:1      | Spaninq the Demigod Transmuter began the quest for the Orb.
     0 | D:1      | Reached XP level 1. HP: 15/15 MP: 5/5
    54 | D:1      | Reached skill level 1 in Fighting
   204 | D:1      | Reached XP level 2. HP: 21/23 MP: 7/7
   287 | D:1      | Reached skill level 3 in Unarmed Combat
  1027 | D:1      | Reached XP level 3. HP: 15/28 MP: 8/8
  2778 | D:2      | HP: 1/29 [poisoned by an adder]
  2779 | D:2      | Succumbed to an adder's poison

Illustrated notes

Levels and vault maps discovered:
D:1:      ldierk_water_garden, layout_loops_ring,
          chequers_ecumenical_altar_grove
D:2:      layout_rooms, serial_shops, nicolae_shop_overgrown_old_shop,
          minmay_tetromino_s2, uniq_crazy_yiuf_cottage, uniq_natasha

Skill      XL: |  1  2 |
---------------+-------+-----
Fighting       | 1 |  1.7
Unarmed Combat | 3 |  3.4
Transmutations | 2 |  2.3
Spellcasting   | 2 |  2.2
Dodging        | |  1.8

Action                   || total
-------------------------++-------
Melee: Unarmed           ||   203
  Use: Potion            ||     2
 Stab: Sleeping          ||     1
       Distracted        ||     1
Armor: Robe              ||    46
Dodge: Dodged            ||   108

Table legend: (Time is in decaauts)
 A = Elapsed time spent in this place.
 B = Non-inter-level travel time spent in this place.
 C = Inter-level travel time spent in this place.
 D = Time resting spent in this place.
 E = Time spent auto-exploring this place.
 F = Levels seen in this place.
 G = Mean time per level.
                   A        B        C        D        E       F      G
               +--------+--------+--------+--------+--------+-----+--------+
         Total |   2768 |   2663 |    105 |    861 |   1197 |   2 | 1384.0 |
       Dungeon |   2768 |   2663 |    105 |    861 |   1197 |   2 | 1384.0 |
               +--------+--------+--------+--------+--------+-----+--------+

Top non-repeatable levels by time:
     D:1: 2361 daAuts
     D:2: 407 daAuts
